 Dungeon Crawl Stone Soup version 0.29.1-1-gd02db6906a (webtiles) character file.

Game seed: 2704192882181883691

1393 Doomgape the Changer (level 8, -2/48 HPs)
             Began as an Octopode Transmuter on Sept 17, 2022.
             Was an Initiate of Gozag.
             Slain by an orc warrior
             ... wielding a +0 flail
              (6 damage)
             ... on level 6 of the Dungeon.
             The game lasted 00:16:09 (7909 turns).

Doomgape the Changer (Octopode Transmuter)          Turns: 7909, Time: 00:16:10

Health: -2/48      AC:  1    Str: 12    XL:     8   Next: 68%
Magic:  14/14      EV: 13    Int: 27    God:    Gozag
Gold:   338        SH:  0    Dex: 18    Spells: 8/15 levels left

rFire   . . .      SeeInvis .   s - staff of cold
rCold   + . .      Faith    .   (no shield)
rNeg    . . .      Spirit   .   (helmet currently unavailable)
rPois   .          Reflect  .   (no amulet)
rElec   .          Harm     .   c - +6 ring of intelligence
rCorr   .          Rampage  .   i - +6 ring of intelligence
Will    .....                   n - +6 ring of dexterity
Stlth   +++.......              (no ring)
HPRegen 0.16/turn               (no ring)
MPRegen 0.14/turn               (no ring)
                                (no ring)
                                (no ring)

@: appendages (expiring), wereblooded (expiring)
A: tentacle spike 3, almost no armour, amphibious, 8 rings, camouflage 1,
gelatinous body 1, (nimble swimmer 1), tentacles
a: End Transformation, Renounce Religion, Potion Petition, Call Merchant, Bribe
Branch


You were on level 6 of the Dungeon.
You worshipped Gozag.
Gozag was aware of your devotion.
One of your tentacles had grown a beastly spike.
You visited 2 branches of the dungeon, and saw 7 of its levels.

You collected 409 gold pieces.
You paid 71 gold pieces to Gozag.

Inventory:

Hand Weapons
 l - the +3 hand axe of the Slime-mould {protect, rElec rN+ Str+3}
   (You found it on level 3 of the Dungeon)

   It grants its wielder temporary protection when it strikes (+7 to AC).
   Str:       It affects your strength (+3).
   rElec:     It insulates you from electricity.
   rN:        It protects you from negative energy.
Missiles
 r - 5 boomerangs of dispersal
Magical Staves
 s - a staff of cold (weapon)
Jewellery
 c - a +6 ring of intelligence (left tentacle)
 i - a +6 ring of intelligence (right tentacle)
 n - a +6 ring of dexterity (on tentacle)
Wands
 g - a wand of flame (1)
 j - a wand of mindburst (7)
Scrolls
 b - 4 scrolls of identify
 o - a scroll of magic mapping {unknown}
 p - 2 scrolls of teleportation
 q - 2 scrolls of torment {unknown}
Potions
 a - 3 potions of lignification
 d - a potion of might
 e - a potion of heal wounds
 f - 3 potions of curing {unknown}
 h - a potion of resistance {unknown}
 k - 2 potions of attraction {unknown}
 m - 2 potions of haste {unknown}


   Skills:
 - Level 1.0 Fighting
 - Level 2.0 Dodging
 - Level 6.7 Unarmed Combat
 + Level 4.3 Spellcasting
 + Level 7.5 Transmutations


You had 8 spell levels left.
You knew the following spells:

 Your Spells              Type           Power      Damage    Failure   Level
a - Beastly Appendage     Tmut           92%        N/A       1%          1
b - Ice Form              Ice/Tmut       39%        N/A       16%         4
c - Wereblood             Tmut           46%        N/A       1%          2

Your spell library contained the following spells:

 Spells                   Type           Power      Damage    Failure   Level
 Spider Form              Tmut/Pois      26%        N/A       4%          3
 Olgreb's Toxic Radiance  Pois           5%         N/A       58%         4
 Ozocubu's Refrigeration  Ice            4%         4d8       100%        7
 Ignition                 Fire           2%         3d3       100%        8


Dungeon Overview and Level Annotations

Branches:
Dungeon (6/15)             Temple (1/1) D:5

Altars:
Ashenzari
Cheibriados
Dithmenos
Elyvilon
Gozag
Kikubaaqudgha
Makhleb
Okawaru
Qazlal
Ru
Trog
Vehumet
Wu Jian
Xom
Zin


Innate Abilities, Weirdness & Mutations

One of your tentacles has grown a beastly spike.
You cannot wear most types of armour.
You are amphibious.
You can wear up to eight rings at the same time.
Your skin changes colour to match your surroundings (Stealth+).
Your rubbery body absorbs attacks. (AC +1, EV +1)
((You are camouflaged when in or above water. (Stealth+)))
You have tentacles for arms and can constrict up to eight enemies at once.


Message History

Unknown command.
You hit the orc priest.
You pierce the orc priest.
You feel a bit better.
You kill the orc priest!
The orc warrior hits you with a +0 flail.
The orc closely misses you.
The orc is distracted by your dazzling golden aura.
The orc hits you with a +0 hand axe.
Unknown command.
The orc shouts!
You hit the orc warrior. You grab the orc warrior.
Your squeeze misses the orc warrior.
The orc warrior is lightly wounded.
You howl as the wereblood boils in your veins!
You constrict the orc warrior.
The orc is no longer distracted by gold.
The orc warrior hits you with a +0 flail!
* * * LOW HITPOINT WARNING * * *
The orc closely misses you. The orc hits you with a +0 whip.
* * * LOW HITPOINT WARNING * * *
The orc closely misses you. The orc hits you but does no damage.
The orc warrior closely misses you.
You release your grip on the orc warrior.
The orc warrior attacks as you move away!
The orc warrior closely misses you.
Okay, then.
There is an open door here.
The orc warrior attacks as you move away!
The orc warrior closely misses you.
Your transformation is almost over.
Okay, then.
Okay, then.
Your primal bloodlust is almost over.
You howl as the wereblood boils in your veins!
You howl as the wereblood boils in your veins!
The orc warrior attacks as you move away!
The orc warrior misses you.
The orc warrior attacks as you move away!
The orc warrior hits you with a +0 flail.
You die...
Your body crumbles into a pile of gold.

....#.........#
################.# #
#.# # #.# # #.# # #.#
#.# ... #.# ...# #@#
...# #o# ...# ###o#
.... #...# ...#######
#.o.######
...#.....#####o.......#
...'$....oo..'........#
...#.....#####........#
...#.....# #........#


You could see an orc warrior and 3 orcs.

Vanquished Creatures
  Sigmund (D:2)
  Eustachio (D:5)
  Menkaure (D:5)
  Duvessa (D:5)
  A phantom (D:5)
  Blork the orc (D:5)
  3 scorpions (D:5)
  Dowan (D:5)
  A jelly (D:4)
  An orc priest (D:6)
  Crazy Yiuf (D:3)
  An iguana (D:5)
  Natasha (thrice) (D:3)
  An orc wizard (D:3)
  Ijyb (D:5)
  Terence (D:2)
  Robin (D:3)
  9 adders
  3 gnolls (D:5)
  An ufetubus (D:5)
  2 worms
  2 dart slugs (D:2)
  14 orcs
  3 bats (D:1)
  9 endoplasms
  7 giant cockroaches
  11 goblins
  9 hobgoblins
  5 jackals
  4 quokkas
  7 ball pythons
  5 frilled lizards
  4 kobolds
  2 rats (D:2)
118 creatures vanquished.

Notes
Turn   | Place    | Note
-------+----------+-------------------------------------------
     0 | D:1      | Doomgape the Octopode Transmuter began the quest for the
                  | Orb.
     0 | D:1      | Reached XP level 1. HP: 13/13 MP: 3/3
   160 | D:1      | Found a faded altar of an unknown god.
   172 | D:1      | Reached XP level 2. HP: 12/18 MP: 5/5
  1189 | D:1      | Reached XP level 3. HP: 20/23 MP: 6/6
  1672 | D:2      | Noticed Sigmund
  1682 | D:2      | Killed Sigmund
  1683 | D:2      | Reached XP level 4. HP: 28/28 MP: 5/7
  1683 | D:2      | Reached XP level 5. HP: 33/33 MP: 5/8
  1719 | D:2      | Noticed Terence
  1731 | D:2      | Killed Terence
  1732 | D:2      | Reached XP level 6. HP: 29/38 MP: 9/9
  2796 | D:3      | Noticed Natasha
  2804 | D:3      | Killed Natasha
  3211 | D:3      | Reached skill level 3 in Transmutations
  3433 | D:3      | Identified the +3 hand axe of the Slime-mould {protect,
                  | rElec rN+ Str+3}
  3556 | D:3      | Noticed Robin
  3559 | D:3      | Noticed Natasha
  3565 | D:3      | Killed Robin
  3569 | D:3      | Killed Natasha
  3861 | D:3      | Found an iron altar of Okawaru.
  4015 | D:3      | Found a runed translucent door.
  4016 | D:3      | Noticed Crazy Yiuf
  4024 | D:3      | Killed Crazy Yiuf
  4025 | D:3      | Reached skill level 4 in Transmutations
  4157 | D:3      | Reached XP level 7. HP: 43/43 MP: 8/10
  4232 | D:3      | Noticed Natasha
  4239 | D:3      | Killed Natasha
  4254 | D:3      | Learned a level 4 spell: Ice Form
  4258 | D:3      | Learned a level 2 spell: Wereblood
  4615 | D:4      | Found an ancient bone altar of Kikubaaqudgha.
  5064 | D:5      | Entered Level 5 of the Dungeon
  5064 | D:5      | Noticed Ijyb
  5071 | D:5      | Reached skill level 5 in Transmutations
  5403 | D:5      | Killed Ijyb
  5445 | D:5      | Reached skill level 6 in Transmutations
  5595 | D:5      | Noticed Eustachio
  5623 | D:5      | Killed Eustachio
  5624 | D:5      | Reached XP level 8. HP: 13/48 MP: 9/12
  5862 | D:5      | Noticed Menkaure
  5874 | D:5      | Killed Menkaure
  6063 | D:5      | Found a staircase to the Ecumenical Temple.
  6075 | D:5      | Noticed Dowan
  6076 | D:5      | Noticed Duvessa
  6078 | Temple   | Entered the Ecumenical Temple
  6126 | Temple   | Became a worshipper of Gozag Ym Sagoz the Greedy
  6339 | D:5      | Killed Duvessa
  6340 | D:5      | Reached skill level 7 in Transmutations
  6351 | D:5      | Killed Dowan
  7327 | D:5      | Noticed Blork the orc
  7333 | D:5      | Killed Blork the orc
  7821 | D:6      | Found a shimmering altar of Xom.
  7892 | D:6      | HP: 1/48 [orc/+0 whip (2)]
  7909 | D:6      | Slain by an orc warrior

Illustrated notes

Levels and vault maps discovered:
D:1:      lemuel_arrival_lava_pool, layout_basic, shapermc_ecumenical_altar_venn
D:2:      layout_basic, uniq_sigmund, uniq_terence
D:3:      layout_rooms, lemuel_tele_altar, cheibrodos_sewer_entry_bend,
          uniq_crazy_yiuf_cottage, uniq_robin, uniq_natasha
D:4:      layout_basic, mainiacjoe_overflow_surrounded_room
D:5:      layout_basic, minmay_temple_entry_tees, nrook_mini_backslash,
          minivault_5, nicolae_fountain_basement, uniq_eustachio,
          uniq_blork_the_orc, uniq_duvessa, uniq_menkaure, uniq_ijyb
D:6:      layout_basic, amcnicky_altar_gilded
Temple:   nicolae_temple_godzebo

Skill      XL: |  1  2  3  4  5  6  7  8 |
---------------+-------------------------+-----
Unarmed Combat | 4 6 |  6.7
Transmutations | 4 6 7 |  7.5
Spellcasting   | 4 |  4.3
Fighting       | |  1.0
Dodging        | |  2.0

Action                   |  1- 3 |  4- 6 |  7- 9 || total
-------------------------+-------+-------+-------++-------
Melee: Unarmed           |    63 |    58 |    12 ||   133
       Tentacles         |    10 |    13 |    37 ||    60
       Constrict         |    15 |    26 |    32 ||    73
       Punch             |     1 |     9 |     6 ||    16
       Kick              |     5 |    27 |    31 ||    63
       Hand axe          |       |    32 |   104 ||   136
       Staff             |       |       |     5 ||     5
 Cast: Beastly Appendage |     5 |    22 |    24 ||    51
       Wereblood         |       |       |     4 ||     4
       Ice Form          |       |       |     1 ||     1
Evoke: Wand              |       |       |     3 ||     3
  Use: Scroll            |     2 |     1 |     5 ||     8
       Potion            |     1 |       |     1 ||     2
 Stab: Sleeping          |    12 |     2 |     5 ||    19
       Distracted        |       |       |     1 ||     1
Armor: Skin              |     5 |    11 |    35 ||    51
Dodge: Dodged            |    44 |    47 |    94 ||   185
